 Dungeon Crawl Stone Soup version 0.30.1-3-gfc49f6343a (webtiles) character file.

Game seed: 1017354482405782009

67 Heoruswealwe the Trooper (level 3, -7/31 HPs)
             Began as a Demigod Fighter on Aug 7, 2023.
             Killed by nerve-wracking pain
             ... invoked by Jessica
              (8 damage)
             ... on level 2 of the Dungeon.
             The game lasted 00:07:38 (907 turns).

Heoruswealwe the Trooper (Demigod Fighter)           Turns: 907, Time: 00:07:39

Health: -7/31      AC:  6    Str: 21    XL:     3   Next: 72%
Magic:  5/5        EV:  9    Int: 10    God:
Gold:   80         SH:  4    Dex: 13    Spells: 2/2 levels left

rFire   . . .        a - +0 war axe
rCold   . . .        d - +0 buckler
rNeg    . . .        c - +0 scale mail
rPois   .            (no helmet)
rElec   .            (no cloak)
rCorr   .            (no gloves)
SInv    .            (no boots)
Will    .....        (no amulet) Stlth
                     (no ring)
HPRegen 0.25/turn    (no ring)
MPRegen 0.09/turn

%: no passive effects
@: slowed, very slow
A: high MP 1, forlorn, divine attributes
a: no special abilities


You were on level 2 of the Dungeon.
You visited 1 branch of the dungeon, and saw 2 of its levels.

You collected 80 gold pieces.

Inventory:

Hand Weapons
 a - a +0 war axe (weapon)
Armour
 c - a +0 scale mail (worn)
 d - a +0 buckler (worn)
Scrolls
 e - a scroll of enchant weapon {unknown}
 g - a scroll of identify {unknown}
 i - a scroll of immolation {unknown}
 j - a scroll of amnesia {unknown}
 m - a scroll of summoning {unknown}
 n - a scroll of brand weapon {unknown}
Potions
 b - a potion of might
 f - a potion of flight {unknown}
 h - a potion of mutation {unknown}
 k - 2 potions of lignification {unknown}
 l - a potion of heal wounds {unknown}


   Skills:
 + Level 3.2 Fighting
 + Level 2.4 Axes
 + Level 3.1 Armour
 + Level 3.2 Shields


You had 2 spell levels left.
You didn't know any spells.
Your spell library contained the following spells:

 Spells                   Type           Power      Damage    Failure   Level
 Apportation              Tloc           0%         N/A       77%         1
 Cigotuvi's Dreadful Rot  Necr/Pois/Air  0%         N/A       88%         2
 Ignite Poison            Fire/Tmut/Pois 0%         N/A       98%         3
 Alistair's Intoxication  Tmut/Pois      0%         N/A       100%        5
 Freezing Cloud           Conj/Ice/Air   0%         6-21      100%        5


Dungeon Overview and Level Annotations

Branches:
Dungeon (2/15)

Annotations:
D:2 Jessica, Robin


Innate Abilities, Weirdness & Mutations

You have an increased reservoir of magic. (+10% MP)
You shall have no god before yourself.
Your divine heritage dramatically boosts your attributes as you level up.


Message History

You slash the hobgoblin!
You kill the hobgoblin!
You barely miss the goblin. The goblin barely misses you.
The goblin hits you but does no damage.
Jessica casts a spell.
Jessica blinks!
The hobgoblin barely misses you.
You hit the hobgoblin but do no damage. You closely miss the goblin.
The hobgoblin hits you but does no damage.
Jessica casts a spell.
Jessica blinks!
The goblin hits you but does no damage.
You closely miss the hobgoblin. You closely miss the goblin.
The hobgoblin closely misses you.
Jessica casts a spell.
Jessica blinks!
The goblin barely misses you.
You hit the hobgoblin.
The hobgoblin is heavily wounded.
You completely miss the goblin. The hobgoblin barely misses you.
The goblin hits you but does no damage. The hobgoblin hits you.
The goblin barely misses you.
You closely miss the hobgoblin.
The hobgoblin is heavily wounded.
You barely miss the goblin. You block the hobgoblin's attack.
Jessica gestures wildly while chanting.
Jessica blinks!
You block the goblin's attack.
You closely miss the hobgoblin.
The hobgoblin is heavily wounded.
You slash the goblin!
You kill the goblin!
The hobgoblin hits you.
Jessica gestures wildly while chanting.
Jessica seems to speed up.
Jessica casts a spell at you.
You feel yourself slow down. The hobgoblin hits you.
* * * LOW HITPOINT WARNING * * *
The hobgoblin attacks as you move away! You block the hobgoblin's attack.
Jessica hits you with a +0 club.
* * * LOW HITPOINT WARNING * * *
Jessica casts a spell at you. Pain shoots through your body!
You die... ##...#.. ##...... .......g# ...<.#.# .gSg.g#

gg##.#
#)##.#
#g##.#
#.#####@##.#
#......@...#
#######.##.#
#.##.#
#.##.#
#.##.#
#....# ###
###..# ##.##
#..# ##...##


You could see Robin, Jessica (fast), 2 hobgoblins, 2 goblins and a ball python.

Vanquished Creatures
  2 adders (D:2)
  2 dart slugs (D:1)
  5 bats
  4 endoplasms
  A giant cockroach (D:1)
  3 hobgoblins
  3 quokkas
  7 ball pythons (D:1)
  3 frilled lizards
  10 goblins
  A kobold (D:1)
  2 rats (D:1)
43 creatures vanquished.

Notes
Turn   | Place    | Note
-------+----------+-------------------------------------------
     0 | D:1      | Heoruswealwe the Demigod Fighter began the quest for the
                  | Orb.
     0 | D:1      | Reached XP level 1. HP: 18/18 MP: 3/3
   160 | D:1      | Reached XP level 2. HP: 25/25 MP: 4/4
   653 | D:2      | Reached XP level 3. HP: 31/31 MP: 5/5
   890 | D:2      | Noticed Jessica
   891 | D:2      | Noticed Robin
   907 | D:2      | HP: 1/31 [Jessica/+0 club (5)]
   907 | D:2      | Killed from afar by Jessica

Illustrated notes

Levels and vault maps discovered:
D:1:      minmay_arrival_statue_studded, layout_rooms, solitary_fountain,
          minmay_misc_feat_cross, minmay_misc_feat_encased,
          minmay_misc_feat_ornament, hex_medium, minmay_split_cup_small
D:2:      layout_loops_ring, hellmonk_ecumenical_altar_arch_garden, basic_altar,
          uniq_robin, uniq_terence, uniq_crazy_yiuf_cottage, uniq_natasha,
          uniq_jessica

Skill      XL: |  1  2 |
---------------+-------+-----
Axes           | 2 |  2.4
Fighting       | 3 |  3.2
Shields        | 3 |  3.2
Armour         | 3 |  3.1

Action                     || total
---------------------------++-------
  Melee: War axe           ||   115
 Armour: Scale mail        ||    80
  Dodge: Dodged            ||    67
  Block: Buckler           ||    25
